 Dungeon Crawl Stone Soup version 0.31-a0-214-gb37851dbb3 (webtiles) character file.

Game seed: 11739665703698084093

1001 innerfire43 the Trooper (level 8, -3/64 HPs)
             Began as a Demonspawn Monk on July 1, 2023.
             Was an Elder of Sif Muna.
             Slain by Duvessa
             ... wielding a +0 rapier of flaming
              (8 damage)
             ... on level 5 of the Dungeon.
             The game lasted 00:04:11 (3812 turns).

innerfire43 the Trooper (Demonspawn Monk)           Turns: 3812, Time: 00:04:11

Health: -3/64      AC:  9    Str: 13    XL:     8   Next: 0%
Magic:  8/8        EV: 14    Int: 12    God:    Sif Muna [****..]
Gold:   148        SH:  0    Dex: 16    Spells: 7/7 levels left

rFire   . . .        s - +0 war axe (flame)
rCold   . . .        d - orb {light}
rNeg    . . .        b - +0 robe
rPois   .            (helmet restricted)
rElec   .            p - +1 cloak
rCorr   .            (no gloves)
SInv    .            (no boots)
Will    .....        (no amulet)
Stlth   +            e - +4 ring of protection
HPRegen 0.30/turn    (no ring)
MPRegen 0.11/turn

%: no passive effects
@: confused, ambrosia-drunk, glowing
A: antennae 2, foul stench 2, spiny 1, sharp scales 1
a: Renounce Religion, Channel Magic, Forget Spell, Divine Exegesis


You were on level 5 of the Dungeon.
You worshipped Sif Muna.
Sif Muna was greatly pleased with you.
You visited 1 branch of the dungeon, and saw 5 of its levels.

You collected 148 gold pieces.

Inventory:

Hand Weapons
 a - a +0 hand axe
 s - a +0 war axe of flaming (weapon)
Armour
 b - a +0 robe (worn)
 d - an orb of light (worn)
 p - a +1 cloak (worn)
Jewellery
 e - a +4 ring of protection (left hand)
 g - a ring of ice
 t - the ring of Pomn {Ice rN+ Int+6 Dex-5}
   (You found it on level 3 of the Dungeon)

   [ring of ice]

   It enhances your ice magic.
   Int:       It affects your intelligence (+6).
   Dex:       It affects your dexterity (-5).
   rF:        It makes you vulnerable to fire.
   rC:        It protects you from cold.
   rN:        It protects you from negative energy.
Wands
 z - a wand of polymorph (6)
Scrolls
 k - 2 scrolls of revelation
 m - a scroll of butterflies
 u - 4 scrolls of identify
 v - a scroll of brand weapon
 A - a scroll of teleportation
Potions
 f - a potion of enlightenment {unknown}
 h - a potion of might {unknown}
 i - 2 potions of degeneration {unknown}
 j - a potion of experience {unknown}
 l - 3 potions of magic {unknown}
 n - a potion of heal wounds {unknown}
 o - 4 potions of curing {unknown}
 q - a potion of invisibility {unknown}
 r - 2 potions of lignification {unknown}
 x - a potion of cancellation {unknown}


   Skills:
 + Level 6.1 Fighting
 + Level 5.5 Axes
 + Level 5.5 Dodging


You had 7 spell levels left.
You didn't know any spells.
Your spell library contained the following spells:

 Spells                   Type           Power      Damage    Failure   Level
 Summon Small Mammal      Summ           0%         N/A       32%         1
 Call Canine Familiar     Summ           0%         N/A       69%         3
 Dazzling Flash           Conj/Hex       0%         N/A       69%         3
 Gell's Gravitas          Tloc           0%         N/A       69%         3
 Summon Guardian Golem    Hex/Summ       0%         N/A       69%         3
 Teleport Other           Tloc           0%         N/A       69%         3
 Volatile Blastmotes      Fire/Tloc      0%         2d10      69%         3
 Iskenderun's Mystic Bla  Conj/Tloc      0%         2d3       97%         4
 Dispersal                Tloc           0%         N/A       100%        6
 Starburst                Conj/Fire      0%         6d3       100%        6


Dungeon Overview and Level Annotations

Branches:
Dungeon (5/15)
 Temple: D:4-7

Altars:
Gozag
Kikubaaqudgha
Sif Muna
Trog

Annotations:
D:5 Dowan, Duvessa


Innate Abilities, Weirdness & Mutations

You have a pair of antennae on your head.
You sometimes emit foul miasma when damaged in melee.
You are partially covered in sharp spines.
You are partially covered in razor-sharp scales. (AC +1, Slay +1)


Message History

You feel invigorated.
Duvessa hits you with a +0 rapier of flaming.
* * * LOW HITPOINT WARNING * * *
Duvessa burns you.
* * * LOW HITPOINT WARNING * * *
Unknown command.
You're too confused to move!
Duvessa barely misses you.
You slash Duvessa! You burn Duvessa.
Duvessa is heavily wounded.
Dowan gestures at Duvessa while chanting.
Duvessa seems to speed up.
Duvessa hits you with a +0 rapier of flaming!
* * * LOW HITPOINT WARNING * * *
Duvessa burns you.
* * * LOW HITPOINT WARNING * * *
You barely miss Duvessa.
Duvessa is heavily wounded.
Duvessa barely misses you.
Duvessa hits you with a +0 rapier of flaming.
* * * LOW HITPOINT WARNING * * *
Duvessa burns you.
* * * LOW HITPOINT WARNING * * *
You emit a cloud of foul miasma!
You hit Duvessa. You burn Duvessa.
Duvessa is heavily wounded.
Duvessa is engulfed in dark miasma.
Duvessa is poisoned.
Duvessa is struck by your spines. Duvessa closely misses you.
Unknown command.
You bump into the rock wall.
Duvessa is engulfed in dark miasma.
Duvessa looks even sicker.
Duvessa says, "When magic and the sword combine, nothing stands against them."
Duvessa hits you with a +0 rapier of flaming.
* * * LOW HITPOINT WARNING * * *
Duvessa burns you.
* * * LOW HITPOINT WARNING * * *
Dowan casts a spell at you. The puff of frost misses you.
Duvessa is engulfed in dark miasma.
Duvessa looks even sicker.
Duvessa hits you with a +0 rapier of flaming!
You die...

.... ..##....#..#
...#.###.##.#..#..#####
.........##....#.......
#.##.##..##....#......
.....##........#...####.
........................
#.#......####........>..
#.#......# #.##.e.<....
#.#......# #.##@e.####.
.......### ##..))......
##.##### #.....:....
##.# ##......... .<.###
.#..###### .....###
'....# .......# '...##
.......# .#...# .......#


You could see Duvessa (fast, very poisoned) and Dowan.

Vanquished Creatures
  Prince Ribbit (D:5)
  A water moccasin (D:5)
  A black bear (D:4)
  An ogre (D:3)
  4 scorpions (D:5)
  A howler monkey (D:3)
  A hound (D:5)
  8 gnolls (D:5)
  5 adders
  A white imp (D:5)
  2 worms
  2 dart slugs
  4 orcs (D:3)
  7 ball pythons
  6 bats
  7 endoplasms
  2 giant cockroaches
  9 hobgoblins
  11 jackals
  5 kobolds
  5 quokkas
  3 frilled lizards
  7 goblins
  10 rats
104 creatures vanquished.

Notes
Turn   | Place    | Note
-------+----------+-------------------------------------------
     0 | D:1      | innerfire43 the Demonspawn Monk began the quest for the
                  | Orb.
     0 | D:1      | Reached XP level 1. HP: 18/18 MP: 1/1
   119 | D:1      | Found a faded altar of an unknown god.
   143 | D:1      | Gained mutation: You are partially covered in sharp spines.
                  | [demonic ancestry]
   143 | D:1      | Reached XP level 2. HP: 8/24 MP: 2/2
   450 | D:1      | Gained mutation: You are partially covered in razor-sharp
                  | scales. (AC +1, Slay +1) [demonic ancestry]
   450 | D:1      | Reached XP level 3. HP: 29/29 MP: 3/3
   745 | D:1      | Prayed at the altar of an unknown god.
   745 | D:1      | Became a worshipper of Sif Muna the Loreminder
   745 | D:1      | Reached * piety under Sif Muna
   745 | D:1      | Reached ** piety under Sif Muna
  1873 | D:3      | Gained mutation: You have a pair of small antennae on your
                  | head. [demonic ancestry]
  1873 | D:3      | Reached XP level 4. HP: 35/37 MP: 4/4
  2079 | D:3      | Reached *** piety under Sif Muna
  2138 | D:3      | Found an opulent altar of Gozag.
  2140 | D:3      | Found an ancient bone altar of Kikubaaqudgha.
  2140 | D:3      | Noticed an ogre
  2149 | D:3      | Killed an ogre
  2150 | D:3      | Reached skill level 4 in Fighting
  2150 | D:3      | Gained mutation: You have a pair of antennae on your head.
                  | [demonic ancestry]
  2150 | D:3      | Reached XP level 5. HP: 24/42 MP: 5/5
  2156 | D:3      | Identified the ring of Pomn {Ice rN+ Int+6 Dex-5}
  2636 | D:4      | Noticed a black bear
  2647 | D:4      | Killed a black bear
  2648 | D:4      | Gained mutation: You may rarely emit foul miasma when
                  | damaged in melee. [demonic ancestry]
  2648 | D:4      | Reached XP level 6. HP: 44/49 MP: 6/6
  3227 | D:5      | Entered Level 5 of the Dungeon
  3227 | D:5      | Found a bloodstained altar of Trog.
  3233 | D:5      | Reached skill level 5 in Fighting
  3296 | D:5      | Reached XP level 7. HP: 50/56 MP: 7/7
  3307 | D:5      | Reached skill level 5 in Axes
  3307 | D:5      | Reached skill level 5 in Dodging
  3597 | D:5      | Noticed Prince Ribbit
  3603 | D:5      | Killed Prince Ribbit
  3749 | D:5      | Reached skill level 6 in Fighting
  3800 | D:5      | Noticed Duvessa
  3805 | D:5      | Reached **** piety under Sif Muna
  3805 | D:5      | Noticed Dowan
  3807 | D:5      | Gained mutation: You sometimes emit foul miasma when
                  | damaged in melee. [demonic ancestry]
  3807 | D:5      | Reached XP level 8. HP: 9/64 MP: 8/8
  3809 | D:5      | HP: 3/64 [Duvessa/+0 rapier of flaming (4)]
  3812 | D:5      | Slain by Duvessa

Illustrated notes

Levels and vault maps discovered:
D:1:      dpeg_arrival_pits, layout_loops_ring,
          hellmonk_ecumenical_altar_pennies_from_heaven
D:2:      layout_basic
D:3:      layout_loops_cross, chequers_temple_overflow_statue_of_worship,
          corexii_shack, minivault_27
D:4:      layout_loops_ring
D:5:      layout_basic, bloody_trog, mainiacjoe_overflow_alcove_4,
          uniq_eustachio, uniq_duvessa, uniq_prince_ribbit1

Skill      XL: |  1  2  3  4  5  6  7 |
---------------+----------------------+-----
Axes           | 3 4 5 |  5.5
Dodging        | 3 4 5 |  5.5
Fighting       | 4 5 6 |  6.1

Action                     |  1- 3 |  4- 6 |  7- 9 || total
---------------------------+-------+-------+-------++-------
  Melee: Hand axe          |    88 |    17 |       ||   105
         War axe           |       |    76 |    30 ||   106
    Use: Scroll            |     2 |     7 |       ||     9
         Potion            |       |       |     1 ||     1
 Armour: Robe              |    21 |    37 |     9 ||    67
  Dodge: Dodged            |    67 |    58 |    34 ||   159

Table legend: (Time is in decaauts)
 A = Elapsed time spent in this place.
 B = Non-inter-level travel time spent in this place.
 C = Inter-level travel time spent in this place.
 D = Time resting spent in this place.
 E = Time spent auto-exploring this place.
 F = Levels seen in this place.
 G = Mean time per level.
                   A        B        C        D        E       F      G
               +--------+--------+--------+--------+--------+-----+--------+
         Total |   3858 |   3683 |    175 |      0 |   3066 |   5 |  771.6 |
       Dungeon |   3858 |   3683 |    175 |      0 |   3066 |   5 |  771.6 |
               +--------+--------+--------+--------+--------+-----+--------+

Top non-repeatable levels by time:
     D:2: 1111 daAuts
     D:3: 785 daAuts
     D:1: 766 daAuts
     D:4: 600 daAuts
     D:5: 595 daAuts
